 Dungeon Crawl Stone Soup version 0.31-a0-700-gf13585253f (webtiles) character file.

Game seed: 4776214921260943904

42 qw the Shooter (level 3, -2/22 HPs)
             Began as a Gargoyle Hunter on Sept 7, 2023.
             Slain by a goblin
             ... wielding a +0 club
             ... led by Robin
              (6 damage)
             ... on level 2 of the Dungeon.
             The game lasted 00:00:22 (1187 turns).

qw the Shooter (Gargoyle Hunter)                    Turns: 1187, Time: 00:00:23

Health: -2/22      AC:  6    Str: 14    XL:     3   Next: 56%
Magic:  3/3        EV: 11    Int:  9    God:
Gold:   112        SH:  0    Dex: 15    Spells: 2/2 levels left

rFire   . . .        Y - +0 shortbow
rCold   . . .        (shield currently unavailable)
rNeg    + . .        c - +0 leather armour
rPois   inf          (no helmet)
rElec   +            (no cloak)
rCorr   .            (no gloves)
SInv    .            (no boots)
Will    .....        (no amulet)
Stlth   ++           (no ring)
HPRegen 0.23/turn    (no ring)
MPRegen 0.08/turn

%: no passive effects
@: no status effects
A: sickness immunity, AC +3, negative energy resistance 1, electricity
resistance, torment resistance 1, petrification resistance
a: no special abilities


You were on level 2 of the Dungeon.
You visited 1 branch of the dungeon, and saw 2 of its levels.

You collected 112 gold pieces.


Innate Abilities, Weirdness & Mutations

You are immune to sickness and miasma.
Your stone body is resilient. (AC +3)
You are immune to poison.
You resist negative energy. (rN+)
You are resistant to electric shocks. (rElec)
You are resistant to unholy torment.
You are immune to petrification.


   Skills:
 + Level 2.7 Fighting
 - Level 5.0 Ranged Weapons
 - Level 1.5 Dodging
 - Level 1.1 Stealth


You had 2 spell levels left.
You didn't know any spells.
Your spell library was empty.

Inventory:

Hand Weapons
 Y - a +0 shortbow (weapon)
Armour
 c - a +0 leather armour (worn)
Scrolls
 b - a scroll of enchant weapon {unknown}
 g - a scroll of noise {unknown}
Potions
 a - a potion of brilliance {unknown}
 d - a potion of degeneration {unknown}
 e - a potion of lignification {unknown}
 f - a potion of berserk rage {unknown}
 h - a potion of curing {unknown}

Dungeon Overview and Level Annotations

Branches:
Dungeon (2/15)

Altars:

Annotations:
D:2 1 runed translucent door, Crazy Yiuf, Robin


Message History

Robin throws the goblin at you!
A goblin comes into view.
It is wielding a +0 dagger of protection.
The goblin hits you but does no damage.
You shoot an arrow. The arrow closely misses the goblin.
Robin throws the goblin at you! The goblin hits you but does no damage.
The goblin completely misses you. The goblin hits you but does no damage.
The goblin barely misses you. The goblin completely misses you.
The goblin hits you with a +0 club.
You shoot an arrow. The arrow hits the goblin!
You kill the goblin!
The goblin barely misses you. The goblin completely misses you.
You shoot an arrow. The arrow closely misses the goblin.
Robin throws the goblin at you!
The goblin hits you but does no damage. x2
The goblin hits you with a +0 club.
You shoot an arrow. The arrow closely misses the goblin.
The goblin closely misses you. The goblin hits you but does no damage.
The goblin closely misses you.
You shoot an arrow. The arrow hits the goblin!
You kill the goblin!
Robin throws the goblin at you! The goblin closely misses you.
The goblin barely misses you. The goblin hits you with a +0 club.
You shoot an arrow. The arrow barely misses the goblin.
The goblin barely misses you. The goblin hits you but does no damage.
The goblin hits you with a +0 club.
The goblin hits you but does no damage. x2
The goblin hits you with a +0 club.
You shoot an arrow. The arrow barely misses the goblin.
The goblin misses you. The goblin barely misses you.
The goblin hits you with a +0 club.
You shoot an arrow. The arrow closely misses the goblin.
The goblin closely misses you. The goblin hits you but does no damage.
The goblin barely misses you.
You shoot an arrow. The arrow barely misses the goblin.
Robin roars a battlecry!
The goblins go into a battle-frenzy!
The goblin hits you with a +0 dagger. The goblin hits you with a +0 club.
The goblin hits you but does no damage.
You shoot an arrow. The arrow closely misses the goblin.
The goblin misses you. The goblin barely misses you.
The goblin hits you with a +0 club.
You die... #....# #.........# #....# ..# #.#######.# ##...# ##.###.# #.# ##.## #....#.# #.# ##.# #....#.# #.# #.## #gggg#.# #.# ##.# ggg

#.# #.# #.## #g###.#
#.# # #+#
#.#.##@#...#######.#
# ...
#....gg........>##.#
# #...#
#.#.......##########
#)..#
#.###.#....####
#####
#.#...........### #
#.....#.......##
###########
#...#...###......#
..........#
#.).....# ####...##
.......####
###.###+# ##...#


You could see Robin, 3 hobgoblins and 6 goblins.

Vanquished Creatures
  2 dart slugs (D:1)
  3 ball pythons
  6 bats
  5 endoplasms
  A giant cockroach (D:1)
  4 goblins
  A hobgoblin (D:1)
  4 jackals (D:1)
  4 frilled lizards
  2 kobolds (D:1)
  3 rats (D:1)
35 creatures vanquished.

Notes
Turn   | Place    | Note
-------+----------+-------------------------------------------
     0 | D:1      | qw the Gargoyle Hunter began the quest for the Orb.
     0 | D:1      | Reached XP level 1. HP: 12/12 MP: 1/1
     0 | D:1      | 0 ||| qw: Version: 0.3-a-76-g4403597
     0 | D:1      | 0 ||| qw: Game counter: 589
     0 | D:1      | 0 ||| qw: Melee chars always use a shield: true
     0 | D:1      | 0 ||| qw: God list: Okawaru
     0 | D:1      | 0 ||| qw: Allow faded altars: false
     0 | D:1      | 0 ||| qw: Do Orc after clearing Dungeon:15 true
     0 | D:1      | 0 ||| qw: Do second Lair branch before Depths: true
     0 | D:1      | 0 ||| qw: Lair rune preference: random
     0 | D:1      | 0 ||| qw: Goals: Normal
     0 | D:1      | 0 ||| PLANNING D:1-11
    86 | D:1      | Reached XP level 2. HP: 17/17 MP: 2/2
   260 | D:1      | 260 ||| READING scroll labelled SAMPOO OFFI.
   337 | D:1      | Reached XP level 3. HP: 15/21 MP: 3/3
   450 | D:1      | Reached skill level 5 in Ranged Weapons
   604 | D:1      | 604 ||| READING scroll labelled ATAM YFUTUU.
   605 | D:1      | 605 ||| READING scroll labelled POGIOM FUMP.
   606 | D:1      | 606 ||| DROPPING scroll of butterflies.
   797 | D:2      | Found a runed translucent door.
   798 | D:2      | Noticed Crazy Yiuf
  1177 | D:2      | Noticed Robin
  1186 | D:2      | HP: 4/22 [goblin/+0 club[Robin] (3)]
  1187 | D:2      | Slain by a goblin

Levels and vault maps discovered:
D:1:      dpeg_arrival_radiant, layout_basic, minmay_surrounded
D:2:      layout_basic, serial_curves, eino_curves_02, eino_curves_04,
          minmay_misc_feat_tiny, uniq_robin, uniq_crazy_yiuf_cottage

Skill      XL: |  1  2  3 |
---------------+----------+-----
Ranged Weapons | 5 |  5.0
Fighting       | |  2.7
Dodging        | |  1.5
Stealth        | |  1.1

Action                     || total
---------------------------++-------
   Fire: Shortbow          ||    86
    Use: Scroll            ||     3
 Armour: Leather armour    ||    51
  Dodge: Dodged            ||    48

Table legend:
 A = Non-vault XP
 B = Vault XP
 C = Vault XP percentage of total XP
 D = Non-vault monster count
 E = Vault monster count
 F = Vault count percentage of total count
                 A         B        C        D         E       F
            +---------+---------+-------+---------+---------+-------
      Total |      56 |       5 |   8.2 |      31 |       4 |  11.4
            +---------+---------+-------+---------+---------+-------
        D:1 |      42 |       2 |   4.5 |      22 |       2 |   8.3
        D:2 |      14 |       3 |  17.6 |       9 |       2 |  18.2
            +---------+---------+-------+---------+---------+-------
